 Dungeon Crawl Stone Soup version 0.18-a0-921-g28655ce (webtiles) character file.

512 filipzpl the Skirmisher (level 7, -2/47 HPs)
             Began as a Gargoyle Berserker on Dec 27, 2015.
             Was a Priest of Trog.
             Slain by a centaur zombie (5 damage)
             ... on level 7 of the Dungeon.
             The game lasted 00:06:26 (3459 turns).

filipzpl the Skirmisher (Gargoyle Berserker)        Turns: 3459, Time: 00:06:26

Health: -2/47      AC: 11    Str: 22    XL:     7   Next: 19%
Magic:  7/7        EV:  8    Int:  8    God:    Trog [***...]
Gold:   171        SH:  7    Dex:  9    Spells: 0 memorised, 6 levels left

rFire  . . .     SeeInvis .     m - +0 flail
rCold  . . .     Gourm    .     r - +0 ring mail
rNeg   + . .     Faith    .     l - +0 shield
rPois  ∞         Spirit   .     n - +0 helmet
rElec  +         Dismiss  .     (no cloak)
rCorr  .         Reflect  .     (no gloves)
SustAt .         Harm     .     (no boots)
MR     .....                    (no amulet)
Stlth  ..........               (no ring)
                                (no ring)

@: not resistant to hostile enchantments, extremely unstealthy
A: negative energy resistance 1, electricity resistance, unbreathing,
petrification resistance, rot immunity, AC +4
a: Berserk, Trog's Hand, Burn Spellbooks, Renounce Religion


You were on level 7 of the Dungeon.
You worshipped Trog.
Trog was most pleased with you.
You were hungry.

You visited 1 branch of the dungeon, and saw 5 of its levels.

You collected 171 gold pieces.

Inventory:

Hand Weapons
 m - a +0 flail (weapon)
Armour
 l - a +0 shield (worn)
 n - a +0 helmet (worn)
 r - a +0 ring mail (worn)
Jewellery
 q - a +5 amulet of reflection {unknown}
Wands
 b - a wand of frost (31/48)
Scrolls
 d - a scroll of recharging {unknown}
 f - 3 scrolls of fear {unknown}
 h - a scroll of teleportation {unknown}
 i - a scroll of magic mapping {unknown}
 j - 3 scrolls of remove curse {unknown}
 p - a scroll of noise {unknown}
Potions
 a - a potion of agility {unknown}
 e - 2 potions of curing {unknown}
 g - a potion of resistance {unknown}
 k - a potion of poison {unknown}
 o - a potion of degeneration {unknown}
 s - a potion of berserk rage {unknown}
Comestibles
 c - 7 bread rations
 t - 2 chunks of flesh


   Skills:
 * Level 6.6 Fighting
 * Level 6.0 Maces & Flails
 - Level 2.1 Armour
 - Level 1.5 Dodging


You had 6 spell levels left.
You didn't know any spells.

Dungeon Overview and Level Annotations

Branches:
Dungeon (4/15)
 Temple: D:4-7

Altars:
Nemelex Xobeh
Yredelemnul


Innate Abilities, Weirdness & Mutations

You are resistant to torment.
Your stone body is resilient (AC +4).
You are immune to poison.
You resist negative energy.
You are resistant to electric shocks.
You can survive without breathing.
You are immune to petrification.
You are immune to rotting.


Message History

The orc warrior hits you from afar with a glaive!
The giant cockroach closely misses you.
The giant frog hits you but does no damage.
The orc warrior hits you from afar with a glaive.
The giant frog hits you but does no damage.
The orc warrior hits you from afar with a glaive.
* * * LOW HITPOINT WARNING * * *
The giant frog hits you but does no damage.
The orc warrior hits you from afar with a glaive!
* * * LOW HITPOINT WARNING * * *
The giant frog barely misses you. The giant frog hits you.
* * * LOW HITPOINT WARNING * * *
You block the giant frog's attack. You block the giant frog's attack.
You block the giant frog's attack. You block the giant frog's attack.
The giant frog hits you but does no damage.
The centaur zombie hits you.
You die...

##..o#...## ##.#..# #
#)####..# ###.....##.
#..####.###...##..#..
##..###.....#####....
##.......oo### #.o..
###..###.....# #....
.......#.....## ##....
#...#.(..Zs....## ##.....
....##..@F.#....###....##
........%.###............
......###.# #..#.........
##.## ..# ##........... #
#.#. #.#########.. .#
#.## ## .. # ##


You could see an orc warrior, a giant frog, an orc, a centaur zombie and a giant
cockroach.

Vanquished Creatures
  Sigmund (D:3)
  2 ogres
  A worker ant (D:4)
  An orc priest (D:3)
  5 adders
  2 oozes (D:1)
  2 worms
  A giant gecko (D:3)
  6 orcs
  3 giant cockroaches
  10 hobgoblins
  10 jackals
  8 kobolds
  2 quokkas (D:3)
  3 ball pythons
  8 bats
  8 giant newts
  5 goblins
  6 rats
84 creatures vanquished.

Notes
Turn   | Place    | Note
--------------------------------------------------------------
     0 | D:1      | filipzpl the Gargoyle Berserker began the quest for the Orb.
     0 | D:1      | Reached XP level 1. HP: 14/14 MP: 1/1
   112 | D:1      | Reached XP level 2. HP: 19/19 MP: 2/2
   484 | D:1      | Reached ** piety under Trog
   485 | D:1      | Reached skill level 4 in Fighting
   485 | D:1      | Reached XP level 3. HP: 4/24 MP: 3/3
  1218 | D:1      | Found a sparkling altar of Nemelex Xobeh.
  1466 | D:2      | Reached XP level 4. HP: 28/30 MP: 4/4
  1783 | D:2      | Found a basalt altar of Yredelemnul.
  2120 | D:3      | Noticed Sigmund
  2130 | D:3      | Killed Sigmund
  2130 | D:3      | Reached skill level 5 in Fighting
  2130 | D:3      | Reached skill level 5 in Maces & Flails
  2130 | D:3      | Reached XP level 5. HP: 36/36 MP: 0/5
  2130 | D:3      | Reached XP level 6. HP: 40/40 MP: 0/6
  2475 | D:3      | Reached *** piety under Trog
  2897 | D:3      | Reached skill level 6 in Fighting
  3064 | D:4      | Reached XP level 7. HP: 20/47 MP: 7/7
  3351 | D:4      | You fall through a shaft for 3 floors!
  3446 | D:7      | HP: 2/47 [orc warrior/glaive (12)]
  3459 | D:7      | Slain by a centaur zombie

Vault maps used:
D:1:      dpeg_arrival_court, nemelex_deck
D:2:      old_standard_altar, first_bread
D:3:      uniq_sigmund
D:4:      hangedman_decor_growths, minivault_5, uniq_grinder
D:7:      fedhas_altar_3, marbit_many_paths

Action                   |  1- 3 |  4- 6 |  7- 9 || total
-------------------------+-------+-------+-------++-------
Melee: Mace              |   117 |    74 |       ||   191
       Flail             |       |    74 |    19 ||    93
Invok: Berserk           |       |     3 |       ||     3
 Stab: Sleeping          |     1 |       |       ||     1
  Eat: Chunk             |     2 |     3 |     1 ||     6
       Meat ration       |       |     1 |       ||     1
